 Dungeon Crawl Stone Soup version 0.28.0-43-g3370ac3207 (webtiles) character file.

Game seed: 14344004967509433447

7 demenzo the Cutter (level 1, -1/11 HPs)
             Began as a Spriggan Cinder Acolyte on Mar 24, 2022.
             Was a High Priest of Ignis.
             Slain by a hobgoblin
             ... wielding a +0 short sword
              (7 damage)
             ... on level 1 of the Dungeon.
             The game lasted 00:01:52 (1294 turns).

demenzo the Cutter (Spriggan Cinder Acolyte)        Turns: 1294, Time: 00:01:53

Health: -1/11      AC:  2    Str: 10    XL:     1   Next: 83%
Magic:  4/4        EV: 15    Int: 15    God:    Ignis [*****.]
Gold:   11         SH:  0    Dex: 10    Spells: 3/3 levels left

rFire   + . .      SeeInvis +   a - -1 short sword (flame)
rCold   . . .      Faith    .   (no shield)
rNeg    . . .      Spirit   .   b - +0 robe
rPois   .          Reflect  .   (helmet restricted)
rElec   .          Harm     .   (no cloak)
rCorr   .          Rampage  .   (gloves unavailable)
Will    .....                   (boots unavailable)
Stlth   +.........              (no amulet)
HPRegen 0.03/turn               (no ring)
MPRegen 0.09/turn               (no ring)

@: very quick
A: very small, no large weapons, unfitting armour, see invisible, speed 3
a: Renounce Religion, Fiery Armour, Foxfire Swarm, Rising Flame


You were on level 1 of the Dungeon.
You worshipped Ignis.
Ignis was extremely pleased with you.
You visited 1 branch of the dungeon, and saw 1 of its levels.

You collected 11 gold pieces.

Inventory:

Hand Weapons
 a - a -1 short sword of flaming (weapon)
Missiles
 c - 31 stones (quivered)
Armour
 b - a +0 robe (worn)
Scrolls
 d - a scroll of vulnerability {unknown}
 e - a scroll of enchant armour {unknown}
 f - a scroll of magic mapping {unknown}


   Skills:
 + Level 2.5 Fighting
 * Level 3.5 Short Blades
 + Level 0.9 Stealth
 + Level 1.6 Spellcasting
 - Level 2.4 Fire Magic


You had 3 spell levels left.
You didn't know any spells.
Your spell library contained the following spells:

 Spells                   Type           Power      Damage    Failure   Level
 Scorch                   Fire           16%        2d5       13%         2


Dungeon Overview and Level Annotations

Branches:
Dungeon (1/15)

Altars:

Annotations:
D:1 1 runed translucent door


Innate Abilities, Weirdness & Mutations

You are very small and have problems with some larger weapons.
You are too small for most types of armour.
You have supernaturally acute eyesight. (SInv)
You cover ground extremely quickly. (Speed+++)


Message History

A hobgoblin is nearby!
The hobgoblin blocks your attack.
The hobgoblin hits you with a +0 short sword.
You hit the hobgoblin but do no damage.
The hobgoblin hits you with a +0 short sword.
* * * LOW HITPOINT WARNING * * *
You are too injured to fight recklessly!
A hobgoblin is nearby!
You are too injured to fight recklessly!
You are too injured to fight recklessly!
A hobgoblin is nearby!
As you close the door, it creaks loudly!
You start resting.
HP restored.
A hobgoblin is nearby!
A hobgoblin is nearby!
A hobgoblin is nearby!
The hobgoblin shouts!
The hobgoblin blocks your attack.
The hobgoblin hits you with a +0 short sword.
You barely miss the hobgoblin. The hobgoblin misses you.
You hit the hobgoblin but do no damage. You hit the hobgoblin but do no damage.
The hobgoblin barely misses you.
You hit the hobgoblin but do no damage. The hobgoblin barely misses you.
The hobgoblin blocks your attack.
The hobgoblin hits you with a +0 short sword.
You are too injured to fight recklessly!
You are too injured to fight recklessly!
Unknown command.
A hobgoblin is nearby!
You see here a +0 short sword.
You start resting.
A hobgoblin is nearby!
The hobgoblin misses you.
You barely miss the hobgoblin. The hobgoblin closely misses you.
The hobgoblin blocks your attack. The hobgoblin barely misses you.
The hobgoblin blocks your attack.
The hobgoblin hits you with a +0 short sword!
Ouch! That really hurt!
You die...

#....# #............
#....########.....##.####
#.................##..g.g
#.................#######
#................## #
#................# #
###...........#### #
#......g....#
#.....@.....#
#...........#
#...........#
#...........#
#...........#
#...........#
#...........#
#...........#
#############


You could see a hobgoblin.

Vanquished Creatures
  An endoplasm (D:1)
  2 giant cockroaches (D:1)
  A hobgoblin (D:1)
  A kobold (D:1)
  A rat (D:1)
6 creatures vanquished.

Notes
Turn   | Place    | Note
-------+----------+-------------------------------------------
     0 | D:1      | demenzo the Spriggan Cinder Acolyte began the quest for the
                  | Orb.
     0 | D:1      | Reached XP level 1. HP: 11/11 MP: 3/3
     2 | D:1      | Found a runed translucent door.
  1294 | D:1      | Slain by a hobgoblin

Illustrated notes

Levels and vault maps discovered:
D:1:      dpeg_arrival_caged_fury, layout_basic

Action                   || total
-------------------------++-------
Melee: Short sword       ||    33
       Punch             ||     1
Armor: Robe              ||     1
Dodge: Dodged            ||    19
